AoeStats
← The_Economist

Hideout

509150085Analyzed
1v1 RM · 5d ago on Sep 25, 2026· 52m 38s· 2 players
Game mode
Random Map
Map size
Tiny (2 player)
Population
200
Speed
Normal
Resources
Standard
Victory
Conquest
Starting age
Dark Age
Ending age
Imperial Age
RankedLock teamsTeams togetherTeam positionsShared explorationLock speedFull tech treeHidden civsTurbo modeCheats
Victory
Defeat
🇸🇰 Khitans · Slovakia
1422
+15
🇺🇸 Malay · United States
1405
-15
The_Economist
9:18 Feudal Age
8:54 Double-Bit Axe
8:56 Horse Collar
12:33 Loom
15:41 Castle Age
18:03 Town Watch
18:58 Wheelbarrow
19:53 Bow Saw
20:34 Gold Mining
24:43 Fletching
25:31 Bodkin Arrow
24:59 Crossbowman
25:17 Pikeman
27:48 Thumb Ring
28:47 Hand Cart
31:28 Imperial Age
29:38 Hand Cart
30:49 Ballistics
30:30 Padded Archer Armor
30:41 Forging
30:52 Bracer
30:58 Arbalester
32:46 Chemistry
35:11 Leather Archer Armor
35:07 Forging
36:03 Gold Shaft Mining
35:19 Stone Mining
35:20 Light Cavalry
36:01 Husbandry
36:41 Town Patrol
36:55 Masonry
36:51 Siege Engineers
37:04 Heavy Plow
38:49 Iron Casting
38:44 Ring Archer Armor
37:54 Halberdier
39:17 Squires
40:47 Blast Furnace
39:53 Scale Barding Armor
41:14 Stone Shaft Mining
51:06 Conscription
51:22 Guilds
AngryTomato
9:16 Feudal Age
9:49 Double-Bit Axe
12:14 Forging
19:22 Castle Age
17:35 Scale Barding Armor
17:29 Domestication
18:30 Loom
20:29 Bow Saw
19:40 Light Cavalry
20:58 Iron Casting
20:47 Husbandry
23:22 Chain Barding Armor
26:57 Wheelbarrow
33:57 Imperial Age
33:32 Hand Cart
35:18 Plate Barding Armor
34:17 Elite Steppe Lancer
36:02 Fletching
38:32 Padded Archer Armor
39:18 Elite Skirmisher
40:34 Leather Archer Armor
40:15 Bodkin Arrow
41:52 Ring Archer Armor
41:57 Ballistics
42:39 Bracer
47:40 Scale Mail Armor
49:14 Town Watch
50:51 Chain Mail Armor
51:22 Masonry
52:13 Chemistry
Connection lost

Rejoining the realm…

Still unreachable

The connection could not be restored.

Session expired

The server has moved on; the page needs a fresh start.